 Dungeon Crawl Stone Soup version 0.30.0-29-ga12c61a403 (webtiles) character file.

Game seed: 15448793967380074924

611 LustLizard the Conjurer (level 7, -5/45 HPs)
             Began as an Octopode Conjurer on June 23, 2023.
             Slain by a gnoll bouda
             ... wielding a +0 whip
              (9 damage)
             ... on level 5 of the Dungeon.
             The game lasted 00:07:05 (6057 turns).

LustLizard the Conjurer (Octopode Conjurer)         Turns: 6057, Time: 00:07:06

Health: -5/45      AC:  1    Str:  8    XL:     7   Next: 43%
Magic:  5/12       EV: 13    Int: 21    God:
Gold:   253        SH:  0    Dex: 10    Spells: 5/12 levels left

rFire   . . .        (no weapon)
rCold   . . .        (no shield)
rNeg    . . .        (helmet restricted)
rPois   +            (no amulet)
rElec   .            (no ring)
rCorr   .            o - ring of poison resistance
SInv    .            d - ring of willpower
Will    +....        (no ring)
Stlth   ++++         (no ring)
HPRegen 0.27/turn    (no ring)
MPRegen 0.13/turn    (no ring)
                     (no ring)

%: no passive effects
@: mighty, about to teleport
A: almost no armour, amphibious, 8 rings, camouflage 1, gelatinous body 1,
(nimble swimmer 1), tentacles
a: no special abilities


You were on level 5 of the Dungeon.
You visited 1 branch of the dungeon, and saw 5 of its levels.

You collected 271 gold pieces.
You spent 18 gold pieces at shops.

Inventory:

Missiles
 b - 2 throwing nets
Jewellery
 c - a ring of see invisible
 d - a ring of willpower (on tentacle)
 o - a ring of poison resistance (right tentacle)
Wands
 m - a wand of digging (1)
Scrolls
 f - a scroll of vulnerability {unknown}
 g - a scroll of poison {unknown}
 j - 4 scrolls of identify
 k - a scroll of torment {unknown}
 r - 2 scrolls of fear {unknown}
Potions
 a - a potion of magic
 e - a potion of mutation
 h - a potion of attraction {unknown}
 l - 3 potions of might
 n - a potion of heal wounds {unknown}
 p - a potion of brilliance {unknown}
 s - a potion of haste {unknown}


   Skills:
 + Level 2.8 Fighting
 - Level 2.0 Dodging
 - Level 5.0 Stealth
 + Level 3.3 Spellcasting
 * Level 6.0 Conjurations
 * Level 3.0 Hexes


You had 5 spell levels left.
You knew the following spells:

 Your Spells              Type           Power      Damage    Failure   Level
a - Magic Dart            Conj           100%       1d8       1%          1
b - Searing Ray           Conj           58%        2d6       1%          2
c - Fulminant Prism       Conj/Hex       11%        3d9       21%         4

Your spell library contained the following spells:

 Spells                   Type           Power      Damage    Failure   Level
 Momentum Strike          Conj/Tloc      32%        3d8       5%          2
 Dazzling Flash           Conj/Hex       44%        N/A       6%          3
 Beastly Appendage        Tmut           6%         N/A       13%         1
 Blink                    Tloc           6%         N/A       19%         2
 Lesser Beckoning         Tloc           6%         N/A       19%         2
 Wereblood                Tmut           3%         N/A       19%         2
 Frozen Ramparts          Ice            6%         1d1       36%         3
 Gell's Gravitas          Tloc           3%         N/A       36%         3
 Spider Form              Tmut/Pois      3%         N/A       36%         3
 Teleport Other           Tloc           3%         N/A       36%         3
 Iskenderun's Mystic Bla  Conj/Tloc      16%        2d5       36%         4
 Ice Form                 Ice/Tmut       3%         N/A       77%         4
 Summon Ice Beast         Ice/Summ       3%         N/A       77%         4
 Summon Lightning Spire   Summ/Air       3%         N/A       77%         4
 Storm Form               Tmut/Air       1%         N/A       100%        7
 Maxwell's Capacitive Co  Air            1%         ∞         100%        8


Dungeon Overview and Level Annotations

Branches:
Dungeon (5/15)
 Temple: D:4-7

Altars:
Dithmenos
Gozag
Zin

Shops:
D:1 *

Annotations:
D:3 Grinder


Innate Abilities, Weirdness & Mutations

You cannot wear most types of armour.
You are amphibious.
You can wear up to eight rings at the same time.
Your skin changes colour to match your surroundings (Stealth+).
Your rubbery body absorbs attacks. (AC +1, EV +1)
((You are camouflaged when in or above water. (Stealth+)))
You have tentacles for arms and can constrict up to eight enemies at once.


Message History

Confirm with . or Enter, or press ? or * to list all spells.
Aiming: Searing Ray (safe; 1% risk of failure)
Press: ? - help, Shift-Dir - straight line, f - gnoll bouda
Aim: a gnoll bouda, wielding a +0 whip and wearing a +0 robe (82% to hit)
The searing ray hits the gnoll bouda.
The gnoll bouda is moderately wounded. (Press . to maintain the ray.)
The gnoll barely misses you.
The searing ray misses the gnoll bouda.
The gnoll barely misses you.
The gnoll bouda barks out a call to the hunt!
The gnoll picks up the pace!
Unknown command.
The searing ray hits the gnoll bouda.
The gnoll bouda is moderately wounded.
The gnoll hits you from afar with a +0 spear.
The gnoll bouda hits you with a +0 whip!
* * * LOW HITPOINT WARNING * * *
Unknown command.
Casting: Searing Ray (safe; 1% risk of failure)
Confirm with . or Enter, or press ? or * to list all spells.
Okay, then.
Okay, then.
It was a potion of might.
You feel very mighty all of a sudden.
The gnoll hits you from afar with a +0 spear!
* * * LOW HITPOINT WARNING * * *
The gnoll bouda closely misses you.
It was a potion of curing.
You feel better. The gnoll barely misses you.
The gnoll bouda hits you with a +0 whip!
* * * LOW HITPOINT WARNING * * *
You feel better.
The gnoll hits you from afar with a +0 spear!
* * * LOW HITPOINT WARNING * * *
The gnoll bouda misses you.
Unknown command.
As you read the scroll labelled UTAISY CIAGOMM, it crumbles to dust.
You feel strangely unstable.
It was a scroll of teleportation.
The gnoll closely misses you.
The gnoll bouda hits you with a +0 whip!
You die...

...# #[# ..#.###.##.
#...##.# ###.# #.##.
#.#..#.# #.# #.##.
#......#############.###.##.
#...).g.g.......†.#...###
#.g################.#.# #
##.#...g.# #...#.# #
#.#.###.# ###.###.# #
#.#.###@# #.g.# #.# #
#.....#g# #.#####.###
#####...######........##
........#.....######..##
..####.....##.# ##..##
####..##)# #..... #...#.#
###.#### ##....# #.....#
#....# #.....#


You could see a gnoll bouda and a gnoll (swift).

Vanquished Creatures
  2 black bears (D:5)
  2 orc priests (D:4)
  A jelly (D:3)
  A sleepcap (D:4)
  An iguana (D:3)
  2 orc wizards (D:4)
  Robin (D:2)
  4 gnolls
  7 adders
  4 worms
  4 dart slugs
  6 orcs
  3 bats
  10 endoplasms
  5 giant cockroaches
  10 hobgoblins
  6 jackals
  6 quokkas
  9 ball pythons
  3 frilled lizards
  13 goblins
  13 kobolds
  7 rats
120 creatures vanquished.

Notes
Turn   | Place    | Note
-------+----------+-------------------------------------------
     0 | D:1      | LustLizard the Octopode Conjurer began the quest for the
                  | Orb.
     0 | D:1      | Reached XP level 1. HP: 11/11 MP: 3/3
   205 | D:1      | Reached XP level 2. HP: 18/18 MP: 0/5
   559 | D:1      | Reached XP level 3. HP: 22/22 MP: 4/6
   683 | D:1      | Reached skill level 1 in Fighting
   798 | D:1      | Found Yruuk's Assorted Antiques.
   824 | D:1      | Bought a glowing brown potion for 18 gold pieces
  1426 | D:2      | Learned a level 2 spell: Searing Ray
  1544 | D:2      | Reached XP level 4. HP: 28/28 MP: 0/7
  1733 | D:2      | Noticed Robin
  1746 | D:2      | Killed Robin
  2414 | D:2      | Found a shadowy altar of Dithmenos.
  2603 | D:2      | Reached skill level 5 in Conjurations
  2603 | D:2      | Reached XP level 5. HP: 29/34 MP: 5/9
  3222 | D:3      | Learned a level 4 spell: Fulminant Prism
  3335 | D:3      | Found an opulent altar of Gozag.
  3364 | D:3      | Found a glowing silver altar of Zin.
  3747 | D:3      | Noticed Grinder
  4198 | D:4      | Reached skill level 1 in Hexes
  4198 | D:4      | Reached XP level 6. HP: 39/39 MP: 2/10
  5539 | D:5      | Entered Level 5 of the Dungeon
  5622 | D:5      | Noticed a black bear
  5643 | D:5      | Killed a black bear
  5644 | D:5      | Reached skill level 5 in Stealth
  5644 | D:5      | Reached XP level 7. HP: 32/45 MP: 2/11
  5948 | D:5      | Reached skill level 6 in Conjurations
  6057 | D:5      | Slain by a gnoll bouda

Illustrated notes

Levels and vault maps discovered:
D:1:      spicycebolla_arrival_ecumenical, layout_loops_corners, serial_shops,
          nicolae_shop_dealshenge, amcnicky_mini_rare_corridor_liquid
D:2:      minmay_razor_zed, layout_loops_ring, basic_altar, grunt_ministairs_7,
          hangedman_decor_growths, uniq_robin
D:3:      layout_basic, pdpol_temple_overflow_zin_treasury_gozag_greed,
          kennysheep_generic_room_6, uniq_grinder
D:4:      layout_loops_ring, minmay_misc_feat_chi, minivault_5
D:5:      layout_basic

Skill      XL: |  1  2  3  4  5  6  7 |
---------------+----------------------+-----
Stealth        | 3 4 5 |  5.0
Fighting       | 1 2 |  2.8
Conjurations   | 5 6 |  6.0
Hexes          | 1 2 3 |  3.0
Spellcasting   | 3 |  3.3
Dodging        | |  2.0

Action                     |  1- 3 |  4- 6 |  7- 9 || total
---------------------------+-------+-------+-------++-------
  Melee: Unarmed           |    13 |    28 |     1 ||    42
         Constrict         |     4 |     8 |     1 ||    13
         Tentacles         |     1 |     9 |       ||    10
         Punch             |       |     2 |       ||     2
   Cast: Magic Dart        |    66 |   182 |    20 ||   268
         Searing Ray       |       |     2 |     3 ||     5
    Use: Scroll            |       |     1 |     1 ||     2
         Potion            |       |       |     3 ||     3
 Armour: Skin              |       |     6 |       ||     6
  Dodge: Dodged            |    10 |    40 |    15 ||    65
